 Dungeon Crawl Stone Soup version 0.31.0-9-g3a7656b989 (webtiles) character file.

Game seed: 13733176298847488111

63 qw the Shooter (level 3, -1/20 HPs)
             Began as a Deep Elf Hunter on Feb 2, 2024.
             Slain by Robin
             ... wielding a +2 mace of venom
              (3 damage)
             ... on level 2 of the Dungeon.
             The game lasted 00:00:05 (922 turns).

qw the Shooter (Deep Elf Hunter)                     Turns: 922, Time: 00:00:06

Health: -1/20      AC:  3    Str: 10    XL:     3   Next: 87%
Magic:  5/5        EV: 12    Int: 13    God:
Gold:   52         SH:  0    Dex: 18    Spells: 2/2 levels left

rFire   . . .        a - +0 shortbow
rCold   . . .        (shield currently unavailable)
rNeg    . . .        c - +0 leather armour
rPois   .            (no helmet)
rElec   .            (no cloak)
rCorr   .            (no gloves)
SInv    .            (no boots)
Will    .....        (no amulet)
Stlth   ++           (no ring)
HPRegen 0.23/turn    (no ring)
MPRegen 0.09/turn

%: no passive effects
@: lethally poisoned (-1 -> -17)
A: no striking features
a: no special abilities


You were on level 2 of the Dungeon.
You visited 1 branch of the dungeon, and saw 2 of its levels.

You collected 76 gold pieces.
You spent 24 gold pieces at shops.


   Skills:
 - Level 1.5 Fighting
 + Level 7.3 Ranged Weapons
 - Level 2.4 Dodging
 - Level 1.2 Stealth


You had 2 spell levels left.
You didn't know any spells.
Your spell library was empty.

Inventory:

Hand Weapons
 a - a +0 shortbow (weapon)
Armour
 c - a +0 leather armour (worn)
Potions
 f - a potion of cancellation

Dungeon Overview and Level Annotations

Branches:
Dungeon (2/15)

Altars:

Shops:
D:1 ?

Annotations:
D:2 Robin


Message History

Level annotation: Robin The hobgoblin hits you.
Robin says, "My army is invincible!"
The hobgoblin hits you.
There is a stone staircase leading up, spattered with blood here.
876 ||| STAIRDANCE The hobgoblin hits you.
You climb upwards.
There is a stone staircase leading down, spattered with blood here.
You shoot an arrow. The arrow hits the hobgoblin!
You kill the hobgoblin!
You start resting.
HP restored.
You climb downwards.
Level annotation: Robin Robin laughs in a distinctly smug fashion.
There is a stone staircase leading up, spattered with blood here.
You shoot an arrow. The arrow hits Robin.
Robin is moderately wounded.
Robin misses you.
You shoot an arrow. The arrow barely misses Robin.
Robin barely misses you.
You shoot an arrow.
The arrow hits Robin but does no damage.
Robin is moderately wounded.
Robin's horned helmet rattles.
Robin hits you with a +2 mace of venom.
You shoot an arrow. The arrow closely misses Robin.
Robin hits you with a +2 mace of venom.
You are poisoned.
You shoot an arrow. The arrow hits Robin.
Robin is heavily wounded.
You feel very sick. Robin hits you with a +2 mace of venom.
You are more poisoned.
You shoot an arrow. The arrow barely misses Robin.
You feel very sick. Robin hits you with a +2 mace of venom.
You die...
Robin says, "And that's why I'm the boss."

### ##+ ...
...
##.###.##.#
#......?..#
#@#
#.g........
........#..##
#..##.#...# #
#. #.#...#
#.#...# .
..... #
#...#.


You could see Robin.

Vanquished Creatures
  6 ball pythons
  4 bats (D:1)
  6 endoplasms (D:1)
  3 giant cockroaches (D:1)
  10 goblins (D:1)
  8 hobgoblins (D:1)
  2 quokkas (D:1)
  2 frilled lizards (D:1)
  9 kobolds (D:1)
  6 rats (D:1)
56 creatures vanquished.

Notes
Turn   | Place    | Note
-------+----------+-------------------------------------------
     0 | D:1      | qw the Deep Elf Hunter began the quest for the Orb.
     0 | D:1      | Reached XP level 1. HP: 12/12 MP: 3/3
     0 | D:1      | 0 ||| qw: Version: 0.3-a-155-g5e7d8dd
     0 | D:1      | 0 ||| qw: Game counter: 1499
     0 | D:1      | 0 ||| qw: Melee chars always use a shield: true
     0 | D:1      | 0 ||| qw: God list: Okawaru
     0 | D:1      | 0 ||| qw: Allow faded altars: false
     0 | D:1      | 0 ||| qw: Do Orc after clearing Dungeon:15 true
     0 | D:1      | 0 ||| qw: Do second Lair branch before Depths: true
     0 | D:1      | 0 ||| qw: Lair rune preference: random
     0 | D:1      | 0 ||| qw: Goals: Normal
     0 | D:1      | 0 ||| PLANNING D:1-11
    85 | D:1      | Reached XP level 2. HP: 16/16 MP: 4/4
   100 | D:1      | Reached skill level 6 in Ranged Weapons
   354 | D:1      | Reached XP level 3. HP: 20/20 MP: 5/5
   427 | D:1      | Found Ysykuvir's Magic Scroll Shop.
   447 | D:1      | 447 ||| BUYING scroll of identify (24 gold).
   447 | D:1      | Bought a scroll of identify for 24 gold pieces
   447 | D:1      | 447 ||| SHOPLISTING scroll of identify (24 gold, have 7).
   447 | D:1      | 447 ||| SHOPLISTING scroll of teleportation (36 gold, have
                  | 7).
   529 | D:1      | Reached skill level 7 in Ranged Weapons
   649 | D:1      | 649 ||| READING 2 scrolls of identify.
   649 | D:1      | 649 ||| IDENTIFYING lumpy orange potion
   650 | D:1      | 650 ||| READING scroll of identify.
   650 | D:1      | 650 ||| IDENTIFYING orange potion
   651 | D:1      | 651 ||| READING scroll labelled CEUZEAK SOG.
   651 | D:1      | 651 ||| ENCHANTING +0 shortbow.
   652 | D:1      | 652 ||| READING scroll labelled KIAPSEBB WYAKK.
   653 | D:1      | 653 ||| DROPPING scroll of butterflies.
   675 | D:2      | Noticed Robin
   677 | D:2      | 677 ||| STAIRDANCE
   687 | D:2      | 687 ||| STAIRDANCE
   724 | D:2      | 724 ||| STAIRDANCE
   732 | D:2      | 732 ||| STAIRDANCE
   739 | D:2      | 739 ||| STAIRDANCE
   743 | D:1      | HP: 5/20 [goblin/+0 club[Robin] (6)]
   744 | D:1      | 744 ||| DRINKING potion of heal wounds.
   815 | D:2      | 815 ||| STAIRDANCE
   871 | D:2      | 871 ||| STAIRDANCE
   876 | D:2      | 876 ||| STAIRDANCE
   922 | D:2      | HP: 2/20 [poisoned by Robin]
   922 | D:2      | Slain by Robin

Levels and vault maps discovered:
D:1:      nzn_arrival_depleted_hourglass, layout_basic, serial_shops, shop,
          minmay_misc_feat_plants, lexackson_kobold_supper
D:2:      layout_basic, basic_altar, uniq_natasha, uniq_robin

Skill      XL: |  1  2  3 |
---------------+----------+-----
Ranged Weapons | 6 7 |  7.3
Fighting       | |  1.5
Dodging        | |  2.4
Stealth        | |  1.2

Action                     || total
---------------------------++-------
   Fire: Shortbow          ||   134
    Use: Scroll            ||     4
         Potion            ||     1
 Armour: Leather armour    ||    49
  Dodge: Dodged            ||    63

Table legend:
 A = Non-vault XP
 B = Vault XP
 C = Vault XP percentage of total XP
 D = Non-vault monster count
 E = Vault monster count
 F = Vault count percentage of total count
                 A         B        C        D         E       F
            +---------+---------+-------+---------+---------+-------
      Total |      57 |      33 |  36.7 |      36 |      20 |  35.7
            +---------+---------+-------+---------+---------+-------
        D:1 |      56 |      33 |  37.1 |      35 |      20 |  36.4
        D:2 |       1 |       0 |   0.0 |       1 |       0 |   0.0
            +---------+---------+-------+---------+---------+-------
